 Dungeon Crawl Stone Soup version 0.25-a0-565-g8875c97ebb (webtiles) character file.

Game seed: 13976416491166558461, levelgen mode: deterministic

27 Emblim88 the Ruffian (level 2, -2/27 HPs)
             Began as a Troll Transmuter on Feb 26, 2020.
             Killed from afar by Sigmund (3 damage)
             ... with a puff of flame
             ... on level 2 of the Dungeon.
             The game lasted 00:00:59 (709 turns).

Emblim88 the Ruffian (Troll Transmuter)              Turns: 709, Time: 00:00:59

Health: -2/27      AC:  6    Str: 17    XL:     2   Next: 93%
Magic:  2/2        EV: 10    Int:  9    God:
Gold:   76         SH:  0    Dex: 10    Spells: 2/3 levels left

rFire    . . .     SeeInvis .     - Unarmed
rCold    . . .     Gourm    +   (no shield)
rNeg     . . .     Faith    .   b - +0 robe
rPois    .         Spirit   .   (helmet restricted)
rElec    .         Reflect  .   (no cloak)
rCorr    .         Harm     .   (gloves unavailable)
MR       .....                  (boots unavailable)
Stlth    +.........             (no amulet)
HPRegen  0.49/turn              (no ring)
MPRegen  0.08/turn              (no ring)

@: confused
A: large, unfitting armour, claws 3, fast metabolism 3, gourmand, regeneration
1, shaggy fur 1, tough skin 3
a: no special abilities


You were on level 2 of the Dungeon.
You were full.

You visited 1 branch of the dungeon, and saw 2 of its levels.

You collected 76 gold pieces.

Inventory:

Missiles
 a - 37 arrows
 j - 50 stones (quivered)
Armour
 b - a +0 robe (worn)
Scrolls
 f - a scroll of teleportation {unknown}
 h - 3 scrolls of identify {unknown}
 k - a scroll of amnesia {unknown}
 m - a scroll of fog {unknown}
 n - a scroll of immolation {unknown}
 o - a scroll of fear {unknown}
 p - a scroll of enchant weapon {unknown}
Potions
 c - 3 potions of heal wounds {unknown}
 e - 2 potions of ambrosia {unknown}
 g - a potion of berserk rage {unknown}
 i - a potion of might {unknown}
 l - 2 potions of flight {unknown}
Comestibles
 d - 6 rations


   Skills:
 + Level 1.2 Fighting
 + Level 1.9 Dodging
 + Level 3.2 Unarmed Combat
 - Level 1.2 Spellcasting
 * Level 1.9 Transmutations


You had 2 spell levels left.
You knew the following spells:

 Your Spells              Type           Power        Failure   Level  Hunger
a - Beastly Appendage     Tmut           #.....       16%         1    ##.....

Your spell library contained the following spells:

 Spells                   Type           Power        Failure   Level  Hunger
 Sticks to Snakes         Tmut           #.......     24%         2    ###....
 Spider Form              Tmut/Pois      #.........   58%         3    ####...
 Ice Form                 Ice/Tmut       #.......     94%         4    #####..
 Blade Hands              Tmut           #.........   99%         5    ######.


Dungeon Overview and Level Annotations

Branches:
Dungeon (2/15)

Altars:
Dithmenos

Annotations:
D:2 Sigmund


Innate Abilities, Weirdness & Mutations

You are too large for most types of armour.
You have claws for hands.
Your metabolism is lightning-fast.
You like to eat raw meat.
Your natural rate of healing is unusually fast.
You are covered in fur. (AC +1)
You have extremely tough skin. (AC +3)


Message History

You barely miss something. Something hits you.
You scratch something but do no damage. You closely miss something.
You hear some strange, mumbled words.
A puff of flame appears from out of thin air!
The puff of flame hits you but does no damage.
You claw something! Something hits you but does no damage.
The orc barely misses you.
You closely miss something. You scratch something. The orc closely misses you.
Something hits you!
* * * LOW HITPOINT WARNING * * *
You barely miss something. The orc hits you with a +0 hand axe.
* * * LOW HITPOINT WARNING * * *
You hear some strange, mumbled words.
You are confused.
You bump into the rock wall.
The orc closely misses you.
You hear some strange, mumbled words.
A puff of flame appears from out of thin air!
The puff of flame hits you.
You die...

#.....# #.#
#####..#..###.# #.....#
#.....# ##.##..###..##.#
...###..#..###.#########
.#..##.....##.!.........
.....................#
..##.........##..###.#
.####..._...####@....#
..##.........##o{#...#
........................
....##.....##..###..##.#
...###..#..###.# ..# #
...##..###..##.# .#
.......###.... .#
........#....## #
...............


You could see an orc.

Vanquished Creatures
  2 dart slugs (D:1)
  A leopard gecko (D:1)
  An orc (D:1)
  A ball python (D:1)
  6 bats
  2 giant cockroaches (D:1)
  3 goblins (D:1)
  A hobgoblin (D:2)
  A kobold (D:1)
  A rat (D:1)
19 creatures vanquished.

Notes
Turn   | Place    | Note
-------+----------+-------------------------------------------
     0 | D:1      | Emblim88 the Troll Transmuter began the quest for the Orb.
     0 | D:1      | Reached XP level 1. HP: 18/18 MP: 1/1
   120 | D:1      | Reached skill level 1 in Fighting
   140 | D:1      | Reached XP level 2. HP: 13/27 MP: 2/2
   447 | D:1      | You fall into a shaft and drop 1 floor!
   627 | D:2      | Found a shadowy altar of Dithmenos.
   696 | D:2      | Noticed Sigmund
   708 | D:2      | HP: 1/27 [orc/+0 hand axe (4)]
   709 | D:2      | Killed from afar by Sigmund

Levels and vault maps discovered:
D:1:      saegor_arrival_simple_a, layout_basic
D:2:      layout_basic, vehumet_crystals, overflow_temple_1_default,
          nicolae_dithmenos_shadow_blocks, kennysheep_okawaru_gauntlet,
          uniq_sigmund

Skill      XL: |  1 |
---------------+----+-----
Fighting       | 1 |  1.2
Dodging        | |  1.9
Unarmed Combat | |  3.2
Spellcasting   | |  1.2
Transmutations | |  1.9

Action                   || total
-------------------------++-------
Melee: Unarmed           ||    43
  Eat: Chunk             ||     8
Armor: Robe              ||    18
Dodge: Dodged            ||    20

Table legend:
 A = Non-vault XP
 B = Vault XP
 C = Vault XP percentage of total XP
 D = Non-vault monster count
 E = Vault monster count
 F = Vault count percentage of total count
                 A         B        C        D         E       F
            +---------+---------+-------+---------+---------+-------
      Total |      39 |       0 |   0.0 |      19 |       0 |   0.0
            +---------+---------+-------+---------+---------+-------
        D:1 |      35 |       0 |   0.0 |      16 |       0 |   0.0
        D:2 |       4 |       0 |   0.0 |       3 |       0 |   0.0
            +---------+---------+-------+---------+---------+-------
